 Dungeon Crawl Stone Soup version 0.17-a0-1510-gb3fb22e (webtiles) character file.

101 urechis the Sneak (level 5, 0/48 HPs)
             Began as a Kobold Berserker on July 11, 2015.
             Was a Priest of Trog.
             Shot with an arrow by a centaur (5 damage)
             ... on level 3 of the Dungeon.
             The game lasted 00:06:30 (1481 turns).

urechis the Sneak (Kobold Berserker)                Turns: 1481, Time: 00:06:30

Health: 0/48       AC:  4    Str: 20    XL:     5   Next: 4%
Magic:  5/5        EV: 15    Int:  5    God:    Trog [***...]
Gold:   191        SH:  0    Dex: 17    Spells: 0 memorised, 4 levels left

rFire  . . .     SeeInvis .     a - +2 short sword (speed)
rCold  . . .     Clarity  .     l - +0 leather armour
rNeg   . . .     SustAt   .     (shield restricted)
rPois  .         Gourm    .     (no helmet)
rElec  .         Spirit   .     (no cloak)
rCorr  +         Warding  .     g - +0 pair of gloves
rMut   .         Stasis   .     (no boots)
MR     ++...                    k - amulet of resist corrosion
Stlth  ..........               (no ring)
                                (no ring)

@: berserking (expiring), regenerating, very quick, very resistant to hostile
enchantments, extremely unstealthy
A: carnivore 3
a: Burn Spellbooks, Berserk, Trog's Hand, Renounce Religion


You were on level 3 of the Dungeon.
You worshipped Trog.
Trog was most pleased with you.
You were very full.

You visited 1 branch of the dungeon, and saw 3 of its levels.

You collected 191 gold pieces.

Inventory:

Hand weapons
 a - a +2 short sword of speed (weapon)
Missiles
 b - 16 poisoned needles
 m - 8 steel tomahawks (quivered)
Armour
 g - a +0 pair of gloves (worn)
 l - a +0 leather armour (worn)
Jewellery
 k - an amulet of resist corrosion (around neck)
Scrolls
 d - 3 scrolls of fear {unknown}
 f - a scroll of magic mapping {unknown}
 j - a scroll of identify {unknown}
 o - a scroll of enchant armour {unknown}
 p - 2 scrolls of teleportation {unknown}
 r - a scroll of random uselessness {unknown}
Potions
 e - 2 potions of curing {unknown}
 q - a potion of flight {unknown}
 s - a potion of heal wounds {unknown}
Comestibles
 c - 2 meat rations
 h - a beef jerky
 i - a royal jelly


   Skills:
 - Level 3.2 Fighting
 - Level 4.0 Short Blades
 - Level 1.5 Armour
 - Level 2.4 Dodging
 + Level 6.1 Stealth


You had 4 spell levels left.
You didn't know any spells.

Dungeon Overview and Level Annotations

Branches:
Dungeon (3/15)

Altars:
Fedhas
Vehumet


Innate Abilities, Weirdness & Mutations

You are small and have problems with some larger weapons.
You are carnivorous and can eat meat at any time.


Message History

The centaur shouts!
The centaur wields a shortbow.
The centaur shoots an arrow.
The arrow hits you.
Found a flail.
The centaur shoots an arrow.
The arrow hits you!
You see here an arrow.
Use which ability? (? or * to list)
Your skin crawls.
You feel resistant to hostile enchantments.
You feel slightly less full.
The centaur shoots an arrow.
The arrow barely misses you.
Use which ability? (? or * to list)
A red film seems to cover your vision as you go berserk!
You feel yourself moving faster!
You feel mighty!
You feel somewhat less full.
The centaur shoots an arrow.
The arrow hits you!
* * * LOW HITPOINT WARNING * * *
You feel a strong urge to attack something.
The centaur shoots an arrow.
The arrow hits you!
* * * LOW HITPOINT WARNING * * *
The centaur shoots an arrow.
The arrow hits you.
You die...

#..#####.# #.# #..#
#.#####.# #..#
#.......# #..#
#######.## #..# #...#
#..##### ###...###
#......####...(..)###
##.###.#.c..........#
#.# #.#.##.@.....#.#
# #####.###.#
###...### # #
#.......#.# #.......
# #.........#
#######. ..
#.........# ###
#....(..>.#
#........##
#...(.....# ...#
#.....†...#########
#..# #####


You could see a centaur.

Vanquished Creatures
  4 adders
  An ooze (D:1)
  3 worms
  4 giant cockroaches
  4 goblins
  7 hobgoblins
  A ball python (D:1)
  7 bats
  2 giant newts (D:2)
  7 kobolds
  18 rats
58 creatures vanquished.

Notes
Turn   | Place    | Note
--------------------------------------------------------------
     0 | D:1      | urechis the Kobold Berserker began the quest for the Orb.
     0 | D:1      | Reached XP level 1. HP: 14/14 MP: 1/1
    17 | D:1      | Reached skill level 1 in Stealth
    70 | D:1      | Reached XP level 2. HP: 16/19 MP: 2/2
   303 | D:1      | Acquired Trog's second power
   310 | D:1      | Reached XP level 3. HP: 20/23 MP: 3/3
   728 | D:2      | Reached skill level 5 in Stealth
   728 | D:2      | Reached XP level 4. HP: 28/28 MP: 4/4
   834 | D:2      | Found a blossoming altar of Fedhas.
  1240 | D:3      | Found a radiant altar of Vehumet.
  1391 | D:3      | Reached skill level 6 in Stealth
  1391 | D:3      | Reached XP level 5. HP: 24/32 MP: 5/5
  1475 | D:3      | Noticed a centaur
  1481 | D:3      | Shot with an arrow by a centaur

Vault maps used:
D:1:      erik_arrival_orb_chamber, st_stairs_11
D:2:      lemuel_coloured_pillars_altar
D:3:      vehumet_altar_wand_db, led_sif_book, first_bread

Action                   |  1- 3 |  4- 6 || total
-------------------------+-------+-------++-------
Melee: Short sword       |   113 |    64 ||   177
Invok: Berserk           |       |     1 ||     1
       Trog's Hand       |       |     1 ||     1
 Stab: Sleeping          |     7 |     9 ||    16
       Distracted        |     1 |     1 ||     2
  Eat: Chunk             |     7 |     2 ||     9
